Map: Ruins of Seras

Players

RayReign - Winner!

  • Race: Protoss Protoss
  • League: Diamond

NoRegreT

  • Race: Zerg Zerg
  • League: Diamond

Event: ASL Season 5 Prime League LOTV Beta

VOD

Have the link to the VOD?

Description

Time

  • Played on: Sept. 22, 2015, 8:11 p.m.
  • Length: 11:44

All games in this series

Show
View Real Time Build Order
Export as new Build Order

RayReign Protoss - Winner!

Build Orders:  

Get SALT Encoding   

  12  0:00  Probe (Chrono Boost)  
  13  0:10  Probe (Chrono Boost)  
  14  0:19  Pylon  
  14  0:21  Probe (Chrono Boost)  
  15  0:37  Probe (Chrono Boost)  
  16  0:43  Gateway  
  16  0:46  Probe (Chrono Boost)  
  17  0:52  Assimilator  
  17  0:58  Probe (Chrono Boost)  
  18  1:05  Gateway  
  18  1:08  Probe (Chrono Boost)  
  19  1:14  Pylon  
  19  1:21  Assimilator  
  19  1:33  Cybernetics Core  
  19  1:35  Probe (Chrono Boost)  
  20  1:41  Zealot (Chrono Boost)  
  22  1:48  Probe  
  23  1:57  Zealot (Chrono Boost)  
  25  2:03  Probe  
  25  2:05  Warp Gate (Chrono Boost)  
  26  2:10  Adept (Chrono Boost)  
  28  2:22  Adept  
  30  2:33  Probe, Pylon  
  31  2:51  Adept  
  33  3:01  Stargate  
  33  3:13  Nexus  
  33  3:20  Pylon  
  33  3:30  Probe  
  33  3:46  Probe  
  34  3:51  Stargate  
  34  3:53  Stargate  
  34  4:00  Mothership Core  
  36  4:03  Pylon  
  36  4:07  Pylon  
  36  4:22  Probe  
  35  4:26  Probe  
  30  4:34  Probe  
  30  4:35  Phoenix (Chrono Boost)  
  30  4:37  Probe  
  34  4:45  Phoenix (Chrono Boost)  
  34  4:46  Probe  
  34  4:49  Probe  
  38  4:58  Probe  
  39  5:01  Probe  
  39  5:05  Phoenix (Chrono Boost)  
  42  5:10  Probe  
  42  5:12  Phoenix (Chrono Boost)  
  42  5:13  Probe  
  46  5:22  Probe  
  46  5:25  Probe  
  48  5:29  Adept x2  
  48  5:33  Assimilator  
  48  5:34  Probe  
  53  5:37  Probe, Assimilator  
  54  5:44  Phoenix (Chrono Boost)  
  54  5:46  Probe  
  54  5:49  Probe  
  58  5:50  Phoenix (Chrono Boost)  
  60  5:58  Probe  
  60  6:01  Probe  
  60  6:04  Twilight Council  
  62  6:06  Pylon  
  62  6:10  Probe  
  63  6:12  Phoenix (Chrono Boost)  
  63  6:14  Probe  
  66  6:23  Probe  
  66  6:25  Pylon  
  67  6:29  Pylon, Phoenix (Chrono Boost)  
  69  6:33  Phoenix (Chrono Boost)  
  71  6:41  Pylon  
  71  6:43  Pylon  
  71  6:52  Phoenix (Chrono Boost)  
  73  6:54  Probe x2  
  75  7:06  Probe  
  75  7:07  Probe  
  77  7:11  Gateway  
  77  7:12  Gateway  
  77  7:16  Gateway, Phoenix (Chrono Boost)  
  77  7:18  Gateway  
  77  7:20  Phoenix (Chrono Boost)  
  81  7:24  Shield Upgrade  
  81  7:27  Probe  
  80  7:31  Adept x2  
  80  7:36  Phoenix (Chrono Boost)  
  84  7:41  Probe x2, Phoenix (Chrono Boost)  
  90  7:46  Pylon  
  90  7:47  Pylon  
  90  7:56  Phoenix (Chrono Boost)  
  84  8:01  Adept, Phoenix (Chrono Boost)  
  84  8:02  Adept  
  90  8:14  Pylon  
  90  8:17  Phoenix (Chrono Boost)  
  92  8:20  Adept  
  92  8:22  Adept, Phoenix (Chrono Boost)  
  92  8:26  Adept  
  100  8:28  Adept  
  98  8:35  Probe x2  
  82  8:49  Adept x4  
  90  8:56  Pylon  
  90  9:01  Pylon, Phoenix x2 (Chrono Boost)  
  94  9:16  Nexus  
  94  9:22  Phoenix (Chrono Boost)  
  96  9:27  Adept x2  
  100  9:34  Adept x2  
  104  9:46  Pylon  
  104  9:48  Pylon  
  104  9:49  Adept x2  
  104  9:52  Adept  
  110  9:56  Adept  
  112  10:02  Adept  
  112  10:04  Adept  
  116  10:14  Adept x2  
  116  10:15  Adept  
  116  10:18  Adept  
  124  10:22  Adept  
  126  10:32  Robotics Facility  
  126  10:33  Adept  
  128  10:35  Probe  
  128  10:36  Probe  
  130  10:43  Adept  
  130  10:44  Adept x2  
  136  10:51  Adept  
  136  11:00  Adept x2  
  136  11:03  Phoenix (Chrono Boost)  
  136  11:04  Phoenix (Chrono Boost)  
  114  11:34  Adept  
  114  11:35  Adept x4  
Show
View Real Time Build Order
Export as new Build Order

NoRegreT Zerg 

Build Orders: Pool First 

Get SALT Encoding   

  12  0:03  Drone  
  13  0:08  Drone  
  14  0:16  Extractor  
  14  0:17  Drone  
  14  0:34  Spawning Pool  
  14  0:35  Drone  
  14  0:43  Drone, Extractor  
  15  0:50  Overlord  
  15  1:20  Zergling x6  
  15  1:21  Queen  
  20  1:25  Metabolic Boost  
  20  1:32  Zergling x2  
  21  1:53  Hatchery  
  20  1:57  Zergling x2  
  20  2:00  Zergling x2  
  22  2:07  Overlord  
  22  2:20  Overlord  
  22  2:26  Drone  
  22  2:29  Drone  
  25  2:30  Drone x2  
  26  2:39  Drone x2  
  27  2:47  Queen  
  29  2:55  Drone  
  30  2:59  Drone  
  31  3:07  Drone  
  31  3:10  Drone  
  31  3:12  Drone x2  
  35  3:13  Drone  
  35  3:16  Drone  
  37  3:20  Drone  
  37  3:23  Drone  
  39  3:28  Spine Crawler  
  37  3:34  Zergling x2  
  37  3:35  Zergling x2  
  37  3:39  Spine Crawler  
  37  3:40  Zergling x2  
  38  3:43  Zergling x2  
  38  3:47  Zergling x2  
  38  3:48  Zergling x6  
  42  3:54  Roach Warren  
  43  3:57  Overlord  
  43  4:06  Lair  
  40  4:17  Zergling x4  
  40  4:21  Zergling x4  
  39  4:32  Drone x2  
  39  4:33  Drone  
  39  4:34  Drone x2  
  39  4:35  Drone x3  
  47  4:43  Drone  
  48  4:46  Drone  
  48  4:47  Drone  
  48  4:50  Extractor x2  
  48  4:51  Drone x3  
  48  4:52  Drone, Extractor  
  50  5:03  Drone  
  50  5:05  Overlord  
  51  5:08  Drone, Hydralisk Den  
  51  5:11  Overlord  
  51  5:16  Overlord  
  51  5:23  Overlord  
  51  5:35  Overlord  
  50  5:37  Hydralisk x2, Muscular Augments  
  50  5:40  Hydralisk  
  56  5:45  Hydralisk  
  56  5:47  Spore Crawler  
  56  5:49  Spore Crawler, Hydralisk  
  56  5:51  Zergling x6  
  56  5:53  Drone  
  56  5:56  Hydralisk  
  64  6:10  Hydralisk x2  
  68  6:13  Overlord  
  68  6:18  Overlord  
  68  6:28  Overlord  
  68  6:31  Hydralisk x4  
  76  6:36  Hydralisk  
  76  6:39  Hydralisk  
  78  6:45  Hydralisk  
  80  6:51  Hydralisk  
  80  6:52  Hydralisk  
  76  6:55  Hydralisk  
  76  7:01  Hydralisk  
  78  7:02  Zergling x2  
  78  7:03  Zergling x2  
  78  7:10  Hydralisk  
  78  7:13  Hydralisk  
  78  7:14  Hydralisk  
  83  7:18  Hydralisk  
  85  7:31  Hydralisk x3  
  91  7:38  Overlord  
  91  7:46  Overlord  
  91  7:50  Zergling x2  
  91  7:51  Overlord  
  92  7:56  Hydralisk  
  92  7:57  Hydralisk x2  
  98  7:58  Zergling x2  
  98  7:59  Zergling x2  
  100  8:12  Hydralisk x3  
  100  8:14  Hydralisk  
  100  8:18  Hydralisk  
  110  8:20  Zergling x2  
  109  8:32  Hydralisk x3  
  90  8:43  Hydralisk x3  
  90  8:48  Hydralisk  
  73  8:52  Hydralisk  
  75  9:02  Hydralisk  
  75  9:07  Hydralisk  
  79  9:10  Hatchery  
  78  9:17  Hydralisk  
  78  9:24  Hydralisk  
  80  9:26  Zergling x4  
  80  9:27  Zergling x8  
  80  9:31  Zergling x2  
  89  9:34  Overlord  
  87  9:39  Hydralisk  
  87  9:42  Hydralisk  
  91  9:47  Lurker Den, Hydralisk  
  91  9:50  Zergling x2  
  91  9:51  Zergling x2  
  95  9:53  Zergling x2  
  96  10:13  Drone x4  
  96  10:14  Drone  
  98  10:17  Hydralisk  
  100  10:25  Zergling x4  
  102  10:31  Queen  
  102  10:34  Hydralisk  
  106  10:39  Drone  
  106  10:40  Drone  
  101  11:20  Hydralisk  
Tags
 
Add a new tag
Caveats
  • Supply blocks, unpowered buildings, or Contaminate may cause inaccurate times.
  • Supply counts are checked every 10 seconds.